 Dungeon Crawl Stone Soup version 0.31.0-10-gcf4a605ca0 (webtiles) character file.

Game seed: 14993232797033738949

590 Aldia the Sneak (level 7, 0/36 HPs)
             Began as a Vine Stalker Brigand on Jan 25, 2024.
             Succumbed to a water moccasin's poison
             ... on level 4 of the Dungeon.
             The game lasted 00:07:34 (3204 turns).

Aldia the Sneak (Vine Stalker Brigand)              Turns: 3204, Time: 00:07:34

Health: 0/36       AC:  6    Str: 14    XL:     7   Next: 39%
Magic:  7/10       EV: 13    Int: 17    God:
Gold:   241        SH:  0    Dex: 17    Spells: 9/9 levels left

rFire   . . .        k - +1 dagger (venom)
rCold   . . .        (no shield)
rNeg    . . .        b - +0 robe
rPois   .            (no helmet)
rElec   .            c - +0 cloak
rCorr   .            (no gloves)
SInv    .            w - +2 pair of boots
Will    +....        (no amulet)
Stlth   +++          j - ring of willpower
HPRegen 1.06/turn    m - +6 ring of intelligence
MPRegen 0.12/turn

%: guardian spirit
@: lethally poisoned (0 -> -3)
A: fangs 2, regeneration 1, magic shield, antimagic bite, no potion heal 2
a: no special abilities


You were on level 4 of the Dungeon.
You visited 1 branch of the dungeon, and saw 5 of its levels.

You collected 241 gold pieces.

Inventory:

Hand Weapons
 a - a +2 dagger
 k - a +1 dagger of venom (weapon)
Missiles
 d - 15 poisoned darts (quivered)
 e - 3 curare-tipped darts
Armour
 b - a +0 robe (worn)
 c - a +0 cloak (worn)
 w - a +2 pair of boots (worn)
Jewellery
 j - a ring of willpower (left hand)
 m - a +6 ring of intelligence (right hand)
 o - a ring of flight
 r - a +6 ring of strength
Wands
 s - a wand of flame (11)
Scrolls
 n - 2 scrolls of amnesia
Potions
 f - a potion of curing
 h - a potion of brilliance
 i - 3 potions of ambrosia
 l - a potion of mutation
 p - a potion of might {unknown}
 u - a potion of heal wounds {unknown}
 v - a potion of attraction {unknown}
 z - a potion of lignification {unknown}


   Skills:
 + Level 3.5 Fighting
 * Level 4.7 Short Blades
 - Level 1.7 Throwing
 + Level 2.7 Dodging
 - Level 5.0 Stealth
 - Level 1.7 Spellcasting
 + Level 1.9 Evocations


You had 9 spell levels left.
You didn't know any spells.
Your spell library contained the following spells:

 Spells                   Type           Power      Damage    Failure   Level
 Sting                    Conj/Alch      4%         1d3       21%         1
 Ensorcelled Hibernation  Hex/Ice        2%         N/A       30%         2
 Mercury Vapours          Alch/Air       2%         N/A       30%         2
 Passwall                 Erth           1%         N/A       52%         3
 Swiftness                Air            1%         N/A       52%         3
 Olgreb's Toxic Radiance  Alch           1%         N/A       89%         4


Dungeon Overview and Level Annotations

Branches:
Dungeon (5/15)
 Temple: D:4-7

Altars:
Ashenzari
Qazlal
Wu Jian

Annotations:
D:5 Eustachio


Innate Abilities, Weirdness & Mutations

You have extremely sharp teeth.
Your natural rate of healing is unusually fast.
When hurt, damage is shared between your health and your magic reserves.
Your bite disrupts and absorbs the magic of your enemies.
Potions cannot restore your health.


Message History

You feel sick.
You feel sick. The water moccasin closely misses you.
There is a stone staircase leading up here.
You feel sick. The water moccasin misses you.
You climb upwards.
You feel sick.
You are no longer poisoned.
There is a stone staircase leading down here.
You are too injured to fight recklessly!
You are too injured to fight recklessly!
You are too injured to fight recklessly!
You closely miss the water moccasin. You bite the water moccasin.
You drain its power.
You feel invigorated.
The water moccasin is lightly wounded.
The water moccasin bites you but does no damage.
You barely miss the water moccasin. Your punch misses the water moccasin.
The water moccasin is lightly wounded.
The water moccasin bites you but does no damage.
You barely miss the water moccasin. Your bite misses the water moccasin.
The water moccasin is lightly wounded.
The water moccasin closely misses you.
You completely miss the water moccasin.
The water moccasin is lightly wounded.
The water moccasin bites you!
* * * LOW HITPOINT WARNING * * *
You are lethally poisoned!
The water moccasin poisons you!
You hit the water moccasin. Your bite misses the water moccasin.
The water moccasin is lightly wounded.
* * * LOW HITPOINT WARNING * * *
You feel very sick. The water moccasin barely misses you.
You closely miss the water moccasin.
The water moccasin is lightly wounded.
* * * LOW HITPOINT WARNING * * *
You feel very sick.
The water moccasin bites you but does no damage.
The water moccasin closely misses you.
You barely miss the water moccasin.
The water moccasin is lightly wounded.
You die...

#.# #............# #####.#
####.#.#####.# #.....# #.#.#
#.# #.##..# #.#.# #.# #.##..#
#.#.# #.# #.##..#### #.#.# #.#
#........###.#.#####.####
##.##......S..#.##.......#
#####...........@...##.#####.#
...#...####.#.####..##.# #.#
.......####............# #.#
##.........>..####)###.# #.#
######.####.### #.# #.#####.#
.).....# #.# #.# #.....<.#
.####### #.######.# ###..#.##
.# #......#.#####..#)# .#
######..........#.#


You could see a water moccasin.

Vanquished Creatures
  Grinder (D:4)
  A howler monkey (D:5)
  A jelly (D:4)
  A hound (D:5)
  Jessica (D:2)
  Natasha (thrice) (D:4)
  Terence (D:2)
  A sleepcap (D:5)
  2 iguanas
  An orc wizard (D:4)
  An ufetubus (D:5)
  2 dart slugs
  7 orcs
  4 endoplasms
  2 giant cockroaches
  5 hobgoblins
  8 kobolds
  3 quokkas
  3 ball pythons
  4 bats
  6 frilled lizards
  8 goblins
  3 rats
69 creatures vanquished.

Notes
Turn   | Place    | Note
-------+----------+-------------------------------------------
     0 | D:1      | Aldia the Vine Stalker Brigand began the quest for the Orb.
     0 | D:1      | Reached XP level 1. HP: 11/11 MP: 2/2
    82 | D:1      | Reached skill level 1 in Dodging
    82 | D:1      | Reached XP level 2. HP: 15/15 MP: 3/3
   205 | D:1      | Reached skill level 5 in Stealth
   832 | D:2      | Reached XP level 3. HP: 18/18 MP: 4/4
  1239 | D:2      | Noticed Jessica
  1242 | D:2      | Noticed Terence
  1244 | D:2      | Killed Jessica
  1245 | D:2      | Reached skill level 1 in Spellcasting
  1245 | D:2      | Reached XP level 4. HP: 16/23 MP: 3/6
  1262 | D:2      | Killed Terence
  1767 | D:3      | Found a faded altar of an unknown god.
  1876 | D:3      | Found a faded altar of an unknown god.
  1880 | D:3      | Found a stormy altar of Qazlal.
  2064 | D:3      | Found an ornate altar of the Wu Jian Council.
  2380 | D:4      | Noticed Natasha
  2389 | D:4      | Killed Natasha
  2390 | D:4      | Reached XP level 5. HP: 24/27 MP: 8/8
  2393 | D:4      | Noticed Natasha
  2403 | D:4      | Killed Natasha
  2407 | D:4      | Noticed Natasha
  2414 | D:4      | Killed Natasha
  2565 | D:4      | Reached XP level 6. HP: 18/32 MP: 5/9
  2619 | D:4      | Noticed Grinder
  2620 | D:4      | Paralysed by Grinder for 2 turns
  2642 | D:4      | Killed Grinder
  2643 | D:4      | Reached skill level 1 in Evocations
  2643 | D:4      | Reached XP level 7. HP: 31/36 MP: 7/10
  2876 | D:5      | Entered Level 5 of the Dungeon
  2957 | D:5      | Found a broken altar of Ashenzari.
  3062 | D:5      | Noticed Eustachio
  3204 | D:4      | Succumbed to a water moccasin's poison

Illustrated notes

Levels and vault maps discovered:
D:1:      erik_arrival_cave_to_civilisation [erik_arrival_cave_to_hall],
          layout_loops_ring, hangedman_decor_peaks_small
D:2:      layout_loops_ring, minmay_misc_feat_enclosed, uniq_terence,
          uniq_jessica
D:3:      layout_loops_cross, nicolae_overflow_ecumenical_swirl,
          mainiacjoe_overflow_alcove_2, hellmonk_ecumenical_altar_crossroads,
          st_stairs_2, grunt_ministairs_3
D:4:      layout_loops_ring, uniq_grinder, uniq_natasha
D:5:      layout_rooms, old_standard_altar, serial_library_hellmonk_room_b,
          uniq_eustachio

Skill      XL: |  1  2  3  4  5  6 |
---------------+-------------------+-----
Short Blades   | 2 3 4 |  4.7
Dodging        | 1 2 |  2.7
Stealth        | 5 |  5.0
Fighting       | 2 3 |  3.5
Spellcasting   | 1 |  1.7
Evocations     | 1 |  1.9
Throwing       | |  1.7

Action                     |  1- 3 |  4- 6 |  7- 9 || total
---------------------------+-------+-------+-------++-------
  Melee: Dagger            |    56 |    82 |    56 ||   194
         Bite              |    12 |    30 |    20 ||    62
         Punch             |     1 |     1 |     1 ||     3
  Evoke: Wand              |       |     7 |     4 ||    11
    Use: Scroll            |       |     3 |     5 ||     8
         Potion            |       |       |     1 ||     1
   Stab: Sleeping          |     9 |     5 |     2 ||    16
         Paralysed         |       |     3 |     1 ||     4
 Armour: Robe              |    22 |    36 |    37 ||    95
  Dodge: Dodged            |    18 |    28 |    43 ||    89
